Unix NetHack Version 5.0.0-0 post-release - last build May 17 2026 04:57:42 (dc50c8380fa5e20985bfe3072449f57b8d9895ef,branch:main).

Game began 2026-05-17 23:56:54, ended 2026-05-18 00:02:39.

ArrBianca, lawful female dwarven Archeologist

                                                 --------------
           -----                                 |............-#
           |....##                              #.............|#####    -----
           |...| #       ------------        ####|............|    #####|.!)|
           |...| ########|..........|       ##   |.<.....0.%..|        #|.?[|
           |...|        #|....{.....|       #    --------------        #-..?|
           |...|        #|..........|       #                           |.?[|
           ---.-       ##...........-#      #                           |.+)|
         ##e@d####      #-.----------#      #                           -----
         #       ## ##  ###          ####   #
       ###        ###########################
     --.---------   #    ###       --------###
     |..........|                  |......+##
     |........*..####       #      |......|##
     |..........|##################........###
     |...........#                 ----|---  #
     ------------                      #
                                               .
                                                -

ArrBianca the Field Worker  St:15 Dx:12 Co:10 In:13 Wi:15 Ch:11  Lawful
Dlvl:3  $:35 HP:0(31) Pw:7(7) AC:9  Xp:3 T:1239 

Latest messages:
 You see here a sling (for sale, 20 zorkmids).
 You see here a clear potion (for sale, 5 zorkmids).
 You bought 11 darts for 22 gold pieces.
 "Thank you for shopping in Adjama's general store!"
 There is an open door here.
 You see here a +0 pick-axe.
 e - a +0 pick-axe.
 You hear a door open.
 What do you want to eat? [dijk or ?*] d
 This food really hits the spot!
 You finish eating the food ration.
 t - a cram ration.
 You find a hidden door.
 The door resists!
 The door opens.
 You see here a black gem.
 u - a black gem.
 What do you want to use or apply? [ae-hn or ?*] g
 What do you want to rub on the stone? [$u or ?*] y
 You don't have that object.
 What do you want to rub on the stone? [$u or ?*] u
 u - a worthless piece of black glass.
 What do you want to drop? [$a-npqtu or ?*] u
 You drop a worthless piece of black glass.
 The grid bug bites!
 You get zapped!
 You kill the grid bug!
 You kill the grid bug!
 You decipher the label on your scroll labeled KERNOD WEL.
 v - a scroll of teleportation.
 $ - 4 gold pieces (35 in total).
 That door is closed.
 That door is closed.
 The door resists!
 The door opens.
 You lash the floating eye.
 You are frozen by the floating eye's gaze!
 The little dog bites!
 The little dog bites!
 The little dog bites!
 The little dog bites!
 The little dog bites!
 The little dog bites!
 You hear some noises in the distance.
 The little dog bites!
 The little dog bites!
 The little dog bites!
 The little dog bites!
 You die...
 Do you want an account of creatures vanquished? [ynaq] (y) q

Inventory:
 Coins    ('$')
  $ - 35 gold pieces
 Weapons  (')')
  l - 10 +0 silver arrows
  m - 5 +0 darts (at the ready)
  q - 11 +0 darts
  a - a +2 bullwhip (weapon in right hand)
 Armor    ('[')
  c - an uncursed +0 fedora (being worn)
  b - an uncursed +0 leather jacket (being worn)
 Comestibles  ('%')
  t - an uncursed cram ration
  d - 3 uncursed food rations
  k - an uncursed lembas wafer
  j - an uncursed homemade tin of jackal meat
  i - an uncursed lichen corpse
 Scrolls  ('?')
  v - an uncursed scroll of teleportation
 Rings    ('=')
  p - an uncursed ring of regeneration
 Tools    ('(')
  h - an empty uncursed sack
  e - a +0 pick-axe
  n - a cursed tallow candle
  f - a tinning kit (0:30)
 Gems/Stones  ('*')
  g - an uncursed touchstone

ArrBianca the Archeologist's attributes:

Background:
 You were a Field Worker, a level 3 female dwarven Archeologist.
 You were lawful, nominally on a mission for Quetzalcoatl
 who was opposed by Camaxtli (neutral) and Huhetotl (chaotic).
 You were right-handed.
 You were in the Dungeons of Doom, on level 3.
 You entered the dungeon 1239 turns ago.
 It was the midnight hour.
 There was a new moon in effect when your adventure ended.
 You had 44 experience points, 36 more were needed to attain level 4.

Basics:
 You had 0 out of 31 hit points.
 You had all 7 energy points (spell power).
 Your armor class was 9.
 Your wallet contained 35 zorkmids.
 Autopickup was on for '$?!/="+%' plus thrown, with exceptions.

Final Characteristics:
 Your strength was 15 (limit:18/100).
 Your dexterity was 12 (limit:20).
 Your constitution was 10 (limit:20).
 Your intelligence was 13 (limit:16).
 Your wisdom was 15 (limit:16).
 Your charisma was 11 (limit:16).

Final Status:
 You weren't hungry.
 You were unencumbered.
 You were wielding a whip.
 You had basic skill with whip.

Final Attributes:
 You were devoutly aligned.
 You had automatic searching.
 You had infravision.
 You were lucky.
 You are dead.

Miscellaneous:
 You didn't encounter any bones levels.
 Total elapsed playing time was 5 minutes and 45 seconds.

Major events:
 Turn
    1: ArrBianca the lawful female dwarven Archeologist entered the dungeon
  926: attained the rank of Field Worker (level 3)
 1239: killed by a little dog, while frozen by a floating eye's gaze

You didn't know any spells.

Skills:
 Fighting Skills
   bare handed combat [Unskilled]
   two weapon combat  [Unskilled]
   riding             [Unskilled]
 Weapon Skills
   dagger             [Unskilled]
   knife              [Unskilled]
   pick-axe           [Basic]
   short sword        [Unskilled]
   saber              [Unskilled]
   club               [Unskilled]
   quarterstaff       [Unskilled]
   sling              [Unskilled]
   dart               [Unskilled]
   boomerang          [Unskilled]
   whip               [Basic]
   unicorn horn       [Unskilled]
 Spellcasting Skills
   attack spells      [Unskilled]
   healing spells     [Unskilled]
   divination spells  [Unskilled]
   matter spells      [Unskilled]

Voluntary challenges:
 Character rerolling was not enabled.
 You were an atheist.
 You never genocided any monsters.
 You never polymorphed an object.
 You never changed form.
 You used no wishes.
Achievements:
 You entered a shop.
 You attained the rank of Field Worker.

 The Dungeons of Doom: levels 1 to 3
    Level 1:
    Level 2:
       An armor shop.
    Level 3: <- You were here.
       A general store, a fountain.
       Final resting place for
          you, killed by a little dog, while frozen by a floating eye's gaze.


Vanquished creatures:
 an acid blob
  a gas spore
  a brown mold
  a yellow mold
  a gecko
  2 jackals
  a kobold
  a sewer rat
  2 grid bugs
  3 lichens
  2 kobold zombies
  a newt
17 creatures vanquished.

No species were genocided or became extinct.

Game over:
                       ----------
                      /          \
                     /    REST    \
                    /      IN      \
                   /     PEACE      \
                  /                  \
                  |    ArrBianca     |
                  |      35 Au       |
                  |   killed by a    |
                  |    little dog    |
                  |                  |
                  |                  |
                  |       2026       |
                 *|     *  *  *      | *
        _________)/\\_//(\/(/\)/\//\/|_)_______

Goodbye ArrBianca the Archeologist...

You died in The Dungeons of Doom on dungeon level 3 with 308 points,
and 35 pieces of gold, after 1239 moves.
You were level 3 with a maximum of 31 hit points when you died.

